 Dungeon Crawl Stone Soup version 0.22-a0-406-g9ff8d77 (webtiles) character file.

1022 dstrtnsr the Chopper (level 8, -4/73 HPs)
             Began as a Deep Dwarf Fighter on May 8, 2018.
             Was a Follower of Makhleb.
             Slain by an ogre
             ... wielding a +0 giant club
              (21 damage)
             ... on level 7 of the Dungeon.
             The game lasted 00:03:23 (1909 turns).

dstrtnsr the Chopper (Deep Dwarf Fighter)           Turns: 1909, Time: 00:03:23

Health: -4/73      AC:  8    Str: 21    XL:     8   Next: 2%
Magic:  5/5        EV:  7    Int: 10    God:    Makhleb [*.....]
Gold:   209        SH: 10    Dex: 12    Spells: 7/7 levels left

rFire    . . .     SeeInvis .   a - +0 war axe
rCold    . . .     Gourm    .   c - +0 shield
rNeg     . . .     Faith    +   b - +0 scale mail
rPois    .         Spirit   .   (no helmet)
rElec    .         Reflect  .   (no cloak)
rCorr    .         Harm     .   s - +0 pair of gloves (curse)
MR       +....                  (no boots)
Stlth    ..........             f - amulet of faith
HPRegen  0.00/turn              (no ring)
MPRegen  0.09/turn              (no ring)

@: non-regenerating
A: damage resistance, heal wounds, sense surroundings 1, no regeneration
a: Heal Wounds, Renounce Religion


You were on level 7 of the Dungeon.
You worshipped Makhleb.
Makhleb was aware of your devotion.
You were not hungry.

You visited 2 branches of the dungeon, and saw 8 of its levels.

You collected 244 gold pieces.
You spent 35 gold pieces at shops.

Inventory:

Hand Weapons
 a - a +0 war axe (weapon)
Armour
 b - a +0 scale mail (worn)
 c - a +0 shield (worn)
 s - a cursed +0 pair of gloves (worn)
Jewellery
 f - an amulet of faith (around neck)
Wands
 V - a wand of digging (17)
Scrolls
 g - a scroll of fear {unknown}
 i - 3 scrolls of identify {unknown}
 j - a scroll of remove curse {unknown}
 k - a scroll of magic mapping {unknown}
 m - a scroll of noise {unknown}
 n - a scroll of random uselessness {unknown}
 o - 2 scrolls of teleportation {unknown}
 p - 2 scrolls of immolation {unknown}
 q - a scroll of enchant armour {unknown}
Potions
 d - 2 potions of might
 h - a potion of curing {@qq}
Comestibles
 e - 3 rations {!d}


   Skills:
 + Level 4.4 Fighting
 * Level 6.4 Axes
 + Level 5.4 Armour
 + Level 5.4 Shields
 * Level 3.4 Invocations


You had 7 spell levels left.
You didn't know any spells.

Dungeon Overview and Level Annotations

Branches:
Dungeon (7/15)             Temple (1/1) D:4

Altars:
Ashenzari
Dithmenos
Elyvilon
Gozag
Kikubaaqudgha
Makhleb
Okawaru
Trog
Vehumet
Wu Jian
Jiyva

Shops:
D:6 [%[[

Annotations:
D:5 dstrtnsr's ghost, amateur DDFi


Innate Abilities, Weirdness & Mutations

You are resistant to damage.
You can heal yourself by infusing magical energy.
You passively map a small area around you.
You do not regenerate.


Message History

You resist with significant effort. The iguana bites you!
The orc hits you but does no damage. The gnoll hits you with a flail!
All of the chunks of flesh in your inventory have rotted away.
You hit the gnoll.
The gnoll is almost dead.
You hit the iguana. You completely miss the orc priest. You slash the orc!
You kill the orc!
Makhleb accepts your kill. The orc priest barely misses you.
You block the iguana's attack. The gnoll hits you with a flail.
The orc priest completely misses you.
Unknown command.
You hit the gnoll.
You kill the gnoll!
Makhleb accepts your kill.
Your shield prevents you from hitting the iguana.
You hit the orc priest.
You hit the orc wizard but do no damage.
You block the iguana's attack. The orc wizard hits you with a dagger.
The orc priest hits you but does no damage.
The iguana bites you.
Unknown command.
You slash the iguana!
You kill the iguana!
Makhleb accepts your kill.
Your shield and scale mail prevent you from hitting the orc priest.
You closely miss the orc wizard.
The orc wizard hits you but does no damage.
The orc priest closely misses you. You block the orc wizard's attack.
You slash the orc priest!
You kill the orc priest!
Makhleb accepts your kill.
You can now gain health from killing.
You have reached level 8!
You feel clever.
You slash the orc wizard!
The orc wizard points at you and mumbles some strange words.
You are confused.
You're too confused!
Wield which item (- for none, * to show all)? (? for menu, Esc to quit)
Okay, then.
You are too confused!
You are too confused!
Unknown command.
You are too confused!
You are too confused!
The ogre hits you with a giant club. The orc wizard barely misses you.
Things that are here:
a flail; a gnoll corpse Unknown command.
You're too confused to move!
The orc wizard hits you but does no damage.
The ogre hits you with a giant club!
* * * LOW HITPOINT WARNING * * *
Unknown command.
It was a potion of curing.
You feel better.
The orc wizard hits you but does no damage.
Unknown command.
The orc wizard hits you with a dagger.
Found a stone staircase leading down.
Unknown command.
Your magical essence is drained by the effort!
You feel much better. The ogre hits you with a giant club!
The orc wizard barely misses you.
You closely miss the orc wizard.
The orc wizard is heavily wounded.
You barely miss the ogre. The orc wizard misses you.
You block the ogre's attack.
You closely miss the orc wizard.
The orc wizard is heavily wounded.
You hit the ogre.
The orc wizard hits you but does no damage.
You block the ogre's attack.
You closely miss the orc wizard.
The orc wizard is heavily wounded.
Your shield and scale mail prevent you from hitting the ogre.
The orc wizard barely misses you. The ogre hits you with a giant club!
You are too injured to fight recklessly!
You are too injured to fight recklessly!
You are too injured to fight recklessly!
You are too injured to fight recklessly!
Unknown command.
You barely miss the ogre.
The ogre is lightly wounded.
You hit the orc wizard. You block the orc wizard's attack.
The ogre hits you but does no damage. You block the orc wizard's attack.
Unknown command.
You closely miss the orc wizard.
The orc wizard is heavily wounded.
You closely miss the ogre. You block the orc wizard's attack.
The ogre hits you with a giant club!
* * * LOW HITPOINT WARNING * * *
Unknown command.
You slash the orc wizard!
You kill the orc wizard!
Makhleb accepts your kill.
You hit the ogre. The ogre barely misses you.
Unknown command.
You hit the ogre.
The ogre is heavily wounded.
The ogre hits you with a giant club!!
You die...

, ,, , ,
,.............>
, .............
, .............
, * , ,
............ ,
,........# * ,
,, , ,.......#*
, * *#.O.# , ,*
#@))# .#, ,
#.)(# .#,, ,
#.†.# *.# * *
#...### .# ,
#.....# .# ,
#...#[##.# <
##.......# * ,
#...###+..# #.#
,, ...### ,#..#
#.#


You could see an ogre.

Vanquished Creatures
  Sigmund (D:4)
  A sky beast (D:5)
  2 ogres
  A scorpion (D:5)
  2 howler monkeys (D:4)
  2 crimson imps (D:6)
  2 orc priests
  2 hounds
  3 iguanas
  An orc wizard (D:7)
  A worker ant (D:4)
  6 gnolls
  5 adders
  An ooze (D:3)
  An adder skeleton (D:4)
  3 dart slugs
  3 leopard geckos
  7 orcs
  A bat (D:3)
  3 giant cockroaches
  2 goblins
  3 hobgoblins
  2 jackals (D:1)
  A kobold (D:3)
  A quokka (D:3)
  A ball python (D:4)
  A frilled lizard (D:2)
59 creatures vanquished.

Notes
Turn   | Place    | Note
-------+----------+-------------------------------------------
     0 | D:1      | dstrtnsr the Deep Dwarf Fighter began the quest for the Orb.
     0 | D:1      | Reached XP level 1. HP: 20/20 MP: 1/1
    50 | D:1      | Reached XP level 2. HP: 21/27 MP: 2/2
    93 | D:2      | Found an opulent altar of Gozag.
   104 | D:2      | Found a shattered altar of Ashenzari.
   252 | D:3      | Reached skill level 3 in Axes
   252 | D:3      | Reached XP level 3. HP: 24/34 MP: 3/3
   277 | D:3      | HP: 9/34 [orc priest/nerve-wracking pain (8)]
   281 | D:3      | Reached XP level 4. HP: 23/42 MP: 4/4
   297 | D:3      | Found a radiant altar of Vehumet.
   604 | D:4      | Found an ornate altar of the Wu Jian Council.
   627 | D:4      | Reached skill level 4 in Axes
   627 | D:4      | Reached XP level 5. HP: 28/49 MP: 4/4
   676 | D:4      | Noticed Sigmund
   685 | D:4      | Killed Sigmund
   685 | D:4      | Reached XP level 6. HP: 31/57 MP: 5/5
   762 | D:4      | HP: 20/57 [ogre/giant club (11)]
   766 | D:4      | HP: 1/57 [ogre/giant club (19)]
   770 | D:4      | Reached skill level 5 in Axes
   818 | D:4      | Found a staircase to the Ecumenical Temple.
   828 | Temple   | Entered the Ecumenical Temple
   842 | Temple   | Became a worshipper of Makhleb the Destroyer
   929 | D:4      | HP: 22/57 [adder (2)]
   933 | D:4      | Reached XP level 7. HP: 25/64 MP: 6/6
   954 | D:4      | HP: 23/64 [hound (2)]
  1198 | D:5      | Entered Level 5 of the Dungeon
  1219 | D:5      | Reached skill level 5 in Armour
  1249 | D:5      | HP: 23/64 [scorpion (4)]
  1252 | D:5      | Reached skill level 5 in Shields
  1252 | D:5      | Reached skill level 1 in Invocations
  1290 | D:5      | HP: 22/64 [something (1)]
  1309 | D:5      | HP: 25/64 [sky beast (4)]
  1504 | D:5      | Noticed dstrtnsr's ghost (amateur DDFi)
  1606 | D:6      | HP: 24/64 [iguana (3)]
  1617 | D:6      | HP: 25/64 [iguana (8)]
  1619 | D:6      | Reached skill level 6 in Axes
  1627 | D:6      | Found Cawededi's Armour Shop.
  1635 | D:6      | Bought a cursed +0 pair of gloves for 35 gold pieces
  1657 | D:6      | HP: 18/64 [ogre/giant spiked club (22)]
  1714 | D:6      | Found Jomeetug's Armour Emporium.
  1824 | D:6      | Found Nomom's Armour Shoppe.
  1835 | D:6      | Found Entitauv's Food Shoppe.
  1895 | D:7      | HP: 25/66 [iguana (3)]
  1897 | D:7      | Reached * piety under Makhleb
  1897 | D:7      | Reached XP level 8. HP: 27/73 MP: 6/6
  1905 | D:7      | HP: 23/73 [ogre/giant club (13)]
  1909 | D:7      | Slain by an ogre

Vault maps used:
D:1:      ncdulo_lavacross, minmay_misc_feat_x
D:2:      nicolae_ru_path_of_blood, ashenzari_conservatory_becter,
          grunt_gozag_statues
D:3:      fiery_altar_vehumet, chequers_ecumenical_altar_island,
          minmay_misc_feat_rows
D:4:      nicolae_overflow_hidden_temple, temple_hall, uniq_sigmund
D:5:      lemuel_round_altar, first_ration, grunt_qazlal_clouds
D:6:      kennysheep_little_box, serial_shops, shop, shop, shop_coins, shop,
          shop
D:7:      minmay_the_grid_triangle_9x9_recursive_2
Temple:   pf_slimified_temple

Skill      XL: |  1  2  3  4  5  6  7 |
---------------+----------------------+-----
Fighting       | 3 4 |  4.4
Axes           | 3 4 5 6 |  6.4
Armour         | 4 5 |  5.4
Shields        | 4 5 |  5.4
Invocations    | 3 |  3.4

Action                   |  1- 3 |  4- 6 |  7- 9 || total
-------------------------+-------+-------+-------++-------
Melee: War axe           |    53 |   109 |   118 ||   280
 Abil: Heal Wounds       |     1 |     3 |     9 ||    13
  Use: Potion            |       |       |     1 ||     1
  Eat: Chunk             |       |       |     4 ||     4
Armor: Scale mail        |    22 |    46 |    49 ||   117
Dodge: Dodged            |    17 |    30 |    32 ||    79
Block: Shield            |    21 |    54 |    52 ||   127

Table legend:
 A = Spawn XP
 B = Non-spawn XP
 C = Spawn XP percentage of total XP
 D = Spawn monster count
 E = Non-spawn monster count
 F = Spawn count percentage of total count
 G = Total turns spent on level
                    A         B        C        D         E        F      G
               +---------+---------+-------+---------+---------+-------+---------
         Total |       0 |    1461 |   0.0 |       0 |      59 |   0.0 |  1909
               +---------+---------+-------+---------+---------+-------+---------
           D:1 |       0 |      15 |   0.0 |       0 |       7 |   0.0 |    80
           D:2 |       0 |      23 |   0.0 |       0 |       5 |   0.0 |   168
           D:3 |       0 |     128 |   0.0 |       0 |      14 |   0.0 |   251
           D:4 |       0 |     631 |   0.0 |       0 |      15 |   0.0 |   673
           D:5 |       0 |     244 |   0.0 |       0 |       4 |   0.0 |   388
           D:6 |       0 |     255 |   0.0 |       0 |       6 |   0.0 |   266
           D:7 |       0 |     165 |   0.0 |       0 |       8 |   0.0 |    55
               +---------+---------+-------+---------+---------+-------+---------
